 Dungeon Crawl Stone Soup version 0.26-a0-660-gc07710193c (webtiles) character file.

Game seed: 16308226473827602840

42 halkony2012 the Cudgeler (level 3, 0/33 HPs)
             Began as a Minotaur Berserker on Oct 5, 2020.
             Was a Believer of Trog.
             Succumbed to a kobold's poison
             ... on level 2 of the Dungeon.
             The game lasted 00:02:21 (1926 turns).

halkony2012 the Cudgeler (Minotaur Berserker)       Turns: 1926, Time: 00:02:21

Health: 0/33       AC:  2    Str: 22    XL:     3   Next: 35%
Magic:  2/2        EV: 12    Int:  4    God:    Trog [**....]
Gold:   150        SH:  0    Dex:  9    Spells: 2/2 levels left

rFire    . . .     SeeInvis .   a - +0 mace
rCold    . . .     Faith    .   (no shield)
rNeg     . . .     Spirit   .   b - +0 animal skin
rPois    .         Reflect  .   (helmet restricted)
rElec    .         Harm     .   (no cloak)
rCorr    .         Rampage  .   (no gloves)
MR       .....                  (no boots)
Stlth    +.........             (no amulet)
HPRegen  0.11/turn              (no ring)
MPRegen  0.08/turn              (no ring)

@: lethally poisoned (0 -> -38)
A: retaliatory headbutt, horns 2
a: Berserk, Trog's Hand, Renounce Religion


You were on level 2 of the Dungeon.
You worshipped Trog.
Trog was pleased with you.
You visited 1 branch of the dungeon, and saw 2 of its levels.

You collected 150 gold pieces.

Inventory:

Hand Weapons
 a - a +0 mace (weapon)
Armour
 b - a +0 animal skin (worn)
Scrolls
 c - a scroll of blinking {unknown}
 f - a scroll of amnesia {unknown}
 g - a scroll of remove curse {unknown}
 h - a scroll of teleportation {unknown}
Potions
 d - a potion of curing {unknown}
 e - a potion of berserk rage {unknown}


   Skills:
 + Level 4.2 Fighting
 + Level 4.4 Maces & Flails
 + Level 2.8 Armour
 + Level 2.4 Dodging
 + Level 0.2 Stealth


You had 2 spell levels left.
You didn't know any spells.
Your spell library was empty.

Dungeon Overview and Level Annotations

Branches:
Dungeon (2/15)

Altars:


Innate Abilities, Weirdness & Mutations

You reflexively headbutt those who attack you in melee.
You have a pair of horns on your head.


Message History

The kobold hits you with a +1 short sword of venom.
You are poisoned.
You closely miss the kobold.
You feel sick.
The kobold hits you with a +1 short sword of venom.
You are more poisoned.
The kobold hits you with a +1 short sword of venom.
You are more poisoned.
You are too injured to fight recklessly!
You are too injured to fight recklessly!
You are too injured to fight recklessly!
You hit the kobold but do no damage.
You feel sick.
The kobold hits you with a +1 short sword of venom.
* * * LOW HITPOINT WARNING * * *
You are more poisoned.
You hit the kobold but do no damage. You headbutt the kobold.
You kill the kobold!
Trog accepts your kill.
* * * LOW HITPOINT WARNING * * *
You feel very sick.
You die...

## #.###### .#
####### ##......#
.# #.....#
#...###.#
.###.....#
#....##.#
...#.....#
#....##.#
...#.....#
##[#.##<#
...#.....#
#......#
...###.####
###†####
..>.......# #@#
....##.##.# #.#
.....#.##.# #.#
........#.#### #.#
.##..###...†.# #.#
.....# #(.##(###.#
.....####.#..g...#
#.......#g########
(......##B.


There were no monsters in sight!

Vanquished Creatures
  2 worms (D:2)
  2 dart slugs (D:1)
  3 giant cockroaches
  4 hobgoblins
  2 jackals (D:1)
  7 kobolds
  A ball python (D:1)
  A bat (D:1)
  4 frilled lizards
  2 goblins
  5 rats
33 creatures vanquished.

Vanquished Creatures (others)
  5 toadstools (D:1)
5 creatures vanquished.

Grand Total: 38 creatures vanquished

Notes
Turn   | Place    | Note
-------+----------+-------------------------------------------
     0 | D:1      | halkony2012 the Minotaur Berserker began the quest for the
                  | Orb.
     0 | D:1      | Reached XP level 1. HP: 19/19 MP: 0/0
   249 | D:1      | Reached XP level 2. HP: 27/27 MP: 1/1
  1549 | D:2      | Reached XP level 3. HP: 15/33 MP: 2/2
  1852 | D:2      | Reached ** piety under Trog
  1926 | D:2      | Succumbed to a kobold's poison

Illustrated notes

Levels and vault maps discovered:
D:1:      ldierk_walled_garden, layout_basic
D:2:      minmay_skewed_foursquare, layout_loops_cross, lightli_temple_of_fire,
          nicolae_overflow_crystal_walls

Skill      XL: |  1  2 |
---------------+-------+-----
Maces & Flails | 4 |  4.4
Fighting       | 4 |  4.2
Armour         | |  2.8
Dodging        | |  2.4
Stealth        | |  0.2

Action                   || total
-------------------------++-------
Melee: Mace              ||    69
       Headbutt          ||    10
Invok: Berserk           ||     1
Armor: Animal skin       ||     6
Dodge: Dodged            ||    32

Table legend: (Time is in decaauts)
 A = Elapsed time spent in this place.
 B = Non-inter-level travel time spent in this place.
 C = Inter-level travel time spent in this place.
 D = Time resting spent in this place.
 E = Time spent auto-exploring this place.
 F = Levels seen in this place.
 G = Mean time per level.
                   A        B        C        D        E       F      G
               +--------+--------+--------+--------+--------+-----+--------+
         Total |   1950 |   1898 |     52 |    208 |   1501 |   2 |  975.0 |
       Dungeon |   1950 |   1898 |     52 |    208 |   1501 |   2 |  975.0 |
               +--------+--------+--------+--------+--------+-----+--------+

Top non-repeatable levels by time:
     D:1: 1536 daAuts
     D:2: 414 daAuts
